| TOP OF THE 1ST |
|
San Jose Giants batting - Pitching for Tulsa Drillers : RHP Eddie Usrey
|
|
Pitching: RHP Eddie Usrey
|
|
|
Batting: RHB Tyler Mapes
|
0-0: Called Strike 0-1: Ground out U3 (Groundball, 34, EV 100.6 MPH)
|
|
Batting: RHB Jonathan Reece
|
0-0: Ball 1-0: Fly out, F3 (Popup, 3SF, EV 76.2 MPH)
|
|
Batting: LHB Nate Conley
|
0-0: Ball 1-0: Fly out, F6 (Popup, 4MD, EV 48.8 MPH)
|
| Top of the 1st over - 0 runs, 0 hits, 0 errors, 0 left on base; San Jose 0 - Tulsa 0 |
| BOTTOM OF THE 1ST |
|
Tulsa Drillers batting - Pitching for San Jose Giants : LHP Gael Greene
|
|
Pitching: LHP Gael Greene
|
|
|
Batting: RHB Steve Haskins
|
0-0: Ball 1-0: Foul Ball, location: 2F 1-1: Ground out 4-3 (Groundball, 4, EV 105.0 MPH)
|
|
Batting: RHB Jesse White
|
0-0: Ball 1-0: Foul Ball, location: 2F 1-1: DOUBLE (Line Drive, 7LM, EV 108.8 MPH)
|
|
Batting: LHB Nick McGraw
|
0-0: Foul Ball, location: 2F 0-1: Swinging Strike 0-2: Ball 1-2: Ball 2-2: Foul Ball, location: 2F 2-2: Ball 3-2: Ground out 4-3 (Groundball, 4, EV 102.5 MPH) Jesse White to third
|
|
Batting: RHB Blake Beale
|
0-0: Foul Ball, location: 2F 0-1: Ball 1-1: Ball 2-1: Fly out, F6 (Flyball, 6MD, EV 81.9 MPH)
|
| Bottom of the 1st over - 0 runs, 1 hit, 0 errors, 1 left on base; San Jose 0 - Tulsa 0 |
| TOP OF THE 2ND |
|
San Jose Giants batting - Pitching for Tulsa Drillers : RHP Eddie Usrey
|
|
Batting: RHB Tade Post
|
0-0: Swinging Strike 0-1: Foul Ball, location: 2F 0-2: Strikes out looking
|
|
Batting: RHB Ian Richardson
|
0-0: Called Strike 0-1: Ball 1-1: Ground out 6-3 (Groundball, 6S, EV 70.0 MPH)
|
|
Batting: LHB James Wheaton
|
0-0: Called Strike 0-1: Ground out 1-3 (Groundball, 15S, EV 62.5 MPH)
|
| Top of the 2nd over - 0 runs, 0 hits, 0 errors, 0 left on base; San Jose 0 - Tulsa 0 |
| BOTTOM OF THE 2ND |
|
Tulsa Drillers batting - Pitching for San Jose Giants : LHP Gael Greene
|
|
Batting: RHB Dave Cordero
|
0-0: SOLO HOME RUN (Flyball, 78XD, EV 101.9 MPH), Distance : 413 ft
|
|
Batting: SHB Xavier Alaniz
|
0-0: Ball 1-0: Ball 2-0: Ball 3-0: Called Strike 3-1: Foul Ball, location: 2F 3-2: Strikes out swinging
|
|
Batting: LHB David McNair
|
0-0: Ball 1-0: Foul Ball, location: 2F 1-1: Ball 2-1: Fly out, F7 (Flyball, 7, EV 78.1 MPH)
|
|
Batting: LHB Miguel Medina
|
0-0: Called Strike 0-1: Foul Ball, location: 2F 0-2: Ball 1-2: Strikes out swinging, 2-3 out at first.
|
| Bottom of the 2nd over - 1 run, 1 hit, 0 errors, 0 left on base; San Jose 0 - Tulsa 1 |
| TOP OF THE 3RD |
|
San Jose Giants batting - Pitching for Tulsa Drillers : RHP Eddie Usrey
|
|
Batting: RHB Adam Solesbee
|
0-0: Called Strike 0-1: Swinging Strike 0-2: Ball 1-2: Ball 2-2: Ground out 6-3 (Groundball, 6S, EV 66.2 MPH)
|
|
Batting: RHB Josh Lippens
|
0-0: Ball 1-0: Called Strike 1-1: Ball 2-1: Ball 3-1: Swinging Strike 3-2: Foul Ball, location: 2F 3-2: Strikes out looking
|
|
Batting: RHB Jack Toole
|
0-0: Ball 1-0: Foul Ball, location: 2F 1-1: TRIPLE (Flyball, 78XD, EV 96.2 MPH)
|
|
Batting: RHB Tyler Mapes
|
0-0: Ball 1-0: Called Strike 1-1: Called Strike 1-2: Strikes out swinging
|
| Top of the 3rd over - 0 runs, 1 hit, 0 errors, 1 left on base; San Jose 0 - Tulsa 1 |
| BOTTOM OF THE 3RD |
|
Tulsa Drillers batting - Pitching for San Jose Giants : LHP Gael Greene
|
|
Batting: RHB Koen van Oort
|
0-0: Ball 1-0: Foul Ball, location: 2F 1-1: Ground out 4-3 (Groundball, 4, EV 93.8 MPH)
|
|
Batting: RHB Steve Haskins
|
0-0: Ball 1-0: Ball 2-0: Ball 3-0: Base on Balls
|
|
Batting: RHB Jesse White
|
0-0: Called Strike 0-1: Ball 1-1: SINGLE (Groundball, 56D, EV 93.8 MPH) Steve Haskins to second
|
|
Batting: LHB Nick McGraw
|
0-0: Called Strike 0-1: Ball 1-1: Foul Ball, location: 2F 1-2: Strikes out swinging
|
|
Batting: RHB Blake Beale
|
0-0: Fly out, F5 (Popup, 5F, EV 60.0 MPH)
|
| Bottom of the 3rd over - 0 runs, 1 hit, 0 errors, 2 left on base; San Jose 0 - Tulsa 1 |
| TOP OF THE 4TH |
|
San Jose Giants batting - Pitching for Tulsa Drillers : RHP Eddie Usrey
|
|
Batting: RHB Jonathan Reece
|
0-0: Called Strike 0-1: Ball 1-1: Foul Ball, location: 2F 1-2: Ball 2-2: Strikes out looking
|
|
Batting: LHB Nate Conley
|
0-0: DOUBLE (Line Drive, 7LS, EV 102.5 MPH)
|
|
Batting: RHB Tade Post
|
0-0: Ball 1-0: Ball 2-0: Foul Ball, location: 2F 2-1: Foul Ball, location: 2F 2-2: Strikes out swinging
|
|
Batting: RHB Ian Richardson
|
0-0: Called Strike 0-1: Foul Ball, location: 2F 0-2: Foul Ball, location: 2F 0-2: Foul Ball, location: 2F 0-2: Ball 1-2: Strikes out swinging
|
| Top of the 4th over - 0 runs, 1 hit, 0 errors, 1 left on base; San Jose 0 - Tulsa 1 |
| BOTTOM OF THE 4TH |
|
Tulsa Drillers batting - Pitching for San Jose Giants : LHP Gael Greene
|
|
Batting: RHB Dave Cordero
|
0-0: Fly out, F6 (Flyball, 6D, EV 85.6 MPH)
|
|
Batting: SHB Xavier Alaniz
|
0-0: Ball 1-0: Foul Ball, location: 2F 1-1: SINGLE (Groundball, 56D, EV 108.8 MPH)
|
|
Batting: LHB David McNair
|
0-0: Swinging Strike 0-1: Called Strike 0-2: Foul Ball, location: 2F 0-2: Ball 1-2: Ball 2-2: Foul Ball, location: 2F 2-2: Foul Ball, location: 2F 2-2: Ball 3-2: SINGLE (Groundball, 4D, EV 106.9 MPH) Xavier Alaniz to second
|
|
Batting: LHB Miguel Medina
|
0-0: Fielders Choice at 2nd, 3-6 (Groundball, 3, EV 83.1 MPH) Xavier Alaniz to third
|
|
Batting: RHB Koen van Oort
|
0-0: Called Strike 0-1: Fielders Choice at 2nd, 5-4 (Groundball, 56, EV 110.0 MPH)
|
| Bottom of the 4th over - 0 runs, 2 hits, 0 errors, 2 left on base; San Jose 0 - Tulsa 1 |
| TOP OF THE 5TH |
|
San Jose Giants batting - Pitching for Tulsa Drillers : RHP Eddie Usrey
|
|
Batting: LHB James Wheaton
|
0-0: Called Strike 0-1: Swinging Strike 0-2: Foul Ball, location: 2F 0-2: Ball 1-2: Foul Ball, location: 2F 1-2: Fly out, F9 (Flyball, 9S, EV 87.5 MPH)
|
|
Batting: RHB Adam Solesbee
|
0-0: Ball 1-0: Ground out 4-3 (Groundball, 4M, EV 103.1 MPH)
|
|
Batting: RHB Josh Lippens
|
0-0: SINGLE (Groundball, 6MD, EV 103.1 MPH)
|
|
Batting: RHB Jack Toole
|
0-0: Called Strike 0-1: Called Strike 0-2: Ball 1-2: Foul Ball, location: 2F 1-2: Fly out, F3 (Popup, 4S, EV 80.0 MPH)
|
| Top of the 5th over - 0 runs, 1 hit, 0 errors, 1 left on base; San Jose 0 - Tulsa 1 |
| BOTTOM OF THE 5TH |
|
Tulsa Drillers batting - Pitching for San Jose Giants : LHP Gael Greene
|
|
Batting: RHB Steve Haskins
|
0-0: Ball 1-0: SINGLE (Groundball, 6S, EV 74.4 MPH) (infield hit)
|
|
Batting: RHB Jesse White
|
0-0: Swinging Strike 0-1: Ball 1-1: Foul Ball, location: 2F 1-2: Fly out, F6 (Flyball, 6D, EV 85.0 MPH)
|
|
Batting: LHB Nick McGraw
|
0-0: Ball 1-0: Fielders Choice at 2nd, 4-6 (Groundball, 4M, EV 101.9 MPH)
|
|
Batting: RHB Blake Beale
|
0-0: Foul Ball, location: 2F 0-1: Swinging Strike 0-2: Foul Ball, location: 2F 0-2: Ball 1-2: Foul Ball, location: 2F 1-2: Strikes out swinging
|
| Bottom of the 5th over - 0 runs, 1 hit, 0 errors, 1 left on base; San Jose 0 - Tulsa 1 |
| TOP OF THE 6TH |
|
San Jose Giants batting - Pitching for Tulsa Drillers : RHP Eddie Usrey
|
|
Batting: RHB Tyler Mapes
|
0-0: Called Strike 0-1: Ball 1-1: Called Strike 1-2: Strikes out looking
|
|
Batting: RHB Jonathan Reece
|
0-0: Fly out, F8 (Flyball, 89D, EV 91.2 MPH)
|
|
Batting: LHB Nate Conley
|
0-0: Ball 1-0: Foul Ball, location: 2F 1-1: Ball 2-1: DOUBLE (Flyball, 8LXD, EV 105.0 MPH)
|
|
Batting: RHB Tade Post
|
0-0: Ball 1-0: Ball 2-0: Ball 3-0: Ground out 6-3 (Groundball, 6, EV 80.6 MPH)
|
| Top of the 6th over - 0 runs, 1 hit, 0 errors, 1 left on base; San Jose 0 - Tulsa 1 |
| BOTTOM OF THE 6TH |
|
Tulsa Drillers batting - Pitching for San Jose Giants : LHP Gael Greene
|
|
Batting: RHB Dave Cordero
|
0-0: Called Strike 0-1: Foul Ball, location: 2F 0-2: Fly out, F9 (Flyball, 9, EV 78.8 MPH)
|
|
Batting: SHB Xavier Alaniz
|
0-0: Ball 1-0: Ground out 6-3 (Groundball, 56, EV 100.6 MPH)
|
|
Batting: LHB David McNair
|
0-0: Foul Ball, location: 2F 0-1: Called Strike 0-2: Strikes out swinging
|
| Bottom of the 6th over - 0 runs, 0 hits, 0 errors, 0 left on base; San Jose 0 - Tulsa 1 |
| TOP OF THE 7TH |
|
San Jose Giants batting - Pitching for Tulsa Drillers : RHP Eddie Usrey
|
|
Batting: RHB Ian Richardson
|
0-0: Ball 1-0: Ball 2-0: Ball 3-0: Called Strike 3-1: Foul Ball, location: 2F 3-2: Foul Ball, location: 2F 3-2: Strikes out looking
|
|
Batting: LHB James Wheaton
|
0-0: Ball 1-0: Ground out U3 (Groundball, 3, EV 101.9 MPH)
|
|
Batting: RHB Adam Solesbee
|
0-0: Called Strike 0-1: Ball 1-1: Ball 2-1: DOUBLE (Line Drive, 78D, EV 103.1 MPH)
|
|
Batting: RHB Josh Lippens
|
0-0: Ball 1-0: Swinging Strike 1-1: Ground out 6-3 (Groundball, 6, EV 104.4 MPH)
|
| Top of the 7th over - 0 runs, 1 hit, 0 errors, 1 left on base; San Jose 0 - Tulsa 1 |
| BOTTOM OF THE 7TH |
|
Tulsa Drillers batting - Pitching for San Jose Giants : LHP Gael Greene
|
|
Batting: LHB Miguel Medina
|
0-0: Ball 1-0: Ball 2-0: Ball 3-0: Base on Balls
|
|
Batting: RHB Koen van Oort
|
0-0: Ball 1-0: Sac Bunt to 15S - play at first, batter OUT! 1-4 Miguel Medina to second
|
|
Batting: RHB Steve Haskins
|
0-0: Ball 1-0: Ground out 1-3 (Groundball, 34S, EV 65.6 MPH) Miguel Medina to third
|
|
Batting: RHB Jesse White
|
0-0: Called Strike 0-1: Ground out U3 (Groundball, 3, EV 102.5 MPH)
|
| Bottom of the 7th over - 0 runs, 0 hits, 0 errors, 1 left on base; San Jose 0 - Tulsa 1 |
| TOP OF THE 8TH |
|
San Jose Giants batting - Pitching for Tulsa Drillers : RHP Eddie Usrey
|
|
Batting: RHB Jack Toole
|
0-0: Ball 1-0: Swinging Strike 1-1: Ball 2-1: Called Strike 2-2: Ground out 6-3 (Groundball, 4M, EV 90.0 MPH)
|
|
Pitching: RHP Juan Isidro
|
|
|
Batting: RHB Tyler Mapes
|
0-0: Foul Ball, location: 2F 0-1: Ball 1-1: Ball 2-1: Foul Ball, location: 2F 2-2: Ground out 4-3 (Groundball, 34S, EV 80.6 MPH)
|
|
Batting: RHB Jonathan Reece
|
0-0: Foul Ball, location: 2F 0-1: Fly out, F8 (Flyball, 8RM, EV 91.2 MPH)
|
| Top of the 8th over - 0 runs, 0 hits, 0 errors, 0 left on base; San Jose 0 - Tulsa 1 |
| BOTTOM OF THE 8TH |
|
Tulsa Drillers batting - Pitching for San Jose Giants : LHP Gael Greene
|
|
Batting: LHB Nick McGraw
|
0-0: Fly out, F8 (Flyball, 8LS, EV 83.1 MPH)
|
|
Batting: RHB Blake Beale
|
0-0: Swinging Strike 0-1: SINGLE (Line Drive, 9S, EV 100.0 MPH)
|
|
Batting: RHB Dave Cordero
|
0-0: Fielders Choice at 2nd, 5-4 (Groundball, 56, EV 103.8 MPH)
|
|
Batting: SHB Xavier Alaniz
|
0-0: Ball 1-0: Fly out, F8 (Flyball, 8LXD, EV 80.0 MPH)
|
| Bottom of the 8th over - 0 runs, 1 hit, 0 errors, 1 left on base; San Jose 0 - Tulsa 1 |
| TOP OF THE 9TH |
|
San Jose Giants batting - Pitching for Tulsa Drillers : RHP Juan Isidro
|
|
Batting: LHB Nate Conley
|
0-0: Ball 1-0: Swinging Strike 1-1: Ball 2-1: Foul Ball, location: 2F 2-2: Ball 3-2: SINGLE (Flyball, 9LS, EV 89.4 MPH)
|
|
Batting: RHB Tade Post
|
0-0: Ball 1-0: Ball 2-0: Called Strike 2-1: Ball 3-1: Foul Ball, location: 2F 3-2: Foul Ball, location: 2F 3-2: Fielders Choice at 2nd, 4-6 (Groundball, 4, EV 90.6 MPH)
|
|
Batting: RHB Ian Richardson
|
0-0: Ball 1-0: Ball Tade Post steals 2nd base (no throw) 2-0: Swinging Strike 2-1: Fly out, F8 (Flyball, 8LD, EV 80.6 MPH)
|
|
Batting: LHB James Wheaton
|
0-0: Ground out 6-3 (Groundball, 6, EV 79.4 MPH)
|
| Top of the 9th over - 0 runs, 1 hit, 0 errors, 1 left on base; San Jose 0 - Tulsa 1 |
|